 Dungeon Crawl Stone Soup version 0.20.0-14-g326068f (webtiles) character file.

371 Chiseanne the Skirmisher (level 6, -1/50 HPs)
             Began as a Demonspawn Wanderer on June 8, 2017.
             Slain by an orc warrior
             ... wielding a cursed +0 short sword
              (12 damage)
             ... on level 6 of the Dungeon.
             The game lasted 00:06:37 (4012 turns).

Chiseanne the Skirmisher (Demonspawn Wanderer)      Turns: 4012, Time: 00:06:37

Health: -1/50      AC: 10    Str: 14 (15) XL:     6   Next: 42%
Magic:  6/6        EV:  7    Int: 10 (13) God:
Gold:   114        SH:  0    Dex: 12      Spells: 5/5 levels left

rFire    + . .     SeeInvis .   a - +1 war axe (flame)
rCold    . . .     Gourm    .   (no shield)
rNeg     . . .     Faith    .   t - +0 chain mail
rPois    .         Spirit   .   (helmet restricted)
rElec    .         Reflect  .   (no cloak)
rCorr    .         Harm     .   (no gloves)
MR       .....                  (no boots)
Stlth    ..........             (no amulet)
Regen    0.2/turn               h - ring of flight
MPRegen  0.1/turn               l - ring of protection from fire

@: no status effects
A: horns 1, molten scales 1, demonic guardian 1
a: Evoke Flight


You were on level 6 of the Dungeon.
You were not hungry.

You visited 1 branch of the dungeon, and saw 5 of its levels.

You collected 114 gold pieces.

Inventory:

Hand Weapons
 a - a +1 war axe of flaming (weapon)
 s - a +1 falchion of slicing
Missiles
 c - 66 sling bullets
 g - 47 poisoned needles
 i - 8 bolts
 o - 59 stones (quivered)
Armour
 t - a +0 chain mail (worn)
Jewellery
 d - an uncursed ring of fire {unknown}
 h - a ring of flight (left hand)
 l - a ring of protection from fire (right hand)
Scrolls
 b - 2 scrolls of remove curse
 n - a scroll of identify
 r - a scroll of fog {unknown}
 u - a scroll of blinking
 v - a scroll of enchant armour {unknown}
Potions
 j - 2 potions of brilliance
Comestibles
 e - 4 fruits
 f - 3 bread rations
 k - 2 royal jellies
 q - a meat ration


   Skills:
 * Level 4.9 Fighting
   Level 1.0 Polearms
 * Level 2.6 Armour
 * Level 4.2 Dodging
 - Level 2.6 Stealth
   Level 1.0 Shields


You had 5 spell levels left.
You didn't know any spells.

Dungeon Overview and Level Annotations

Branches:
Dungeon (7/15)
 Temple: D:4-7

Altars:

Shops:
D:7 (


Innate Abilities, Weirdness & Mutations

You have a pair of small horns on your head.
You are partially covered in molten scales. (AC +2)
A weak demonic guardian rushes to your aid.


Message History

You kill the orc!
You hit the orc warrior. You burn the orc warrior.
The crimson imp blinks!
The orc wizard mumbles some strange words.
The orc wizard blinks!
The orc barely misses you.
The orc wizard casts a spell.
The orc wizard blinks!
The orc wizard casts a spell.
The orc wizard blinks!
The orc wizard mumbles some strange words.
The orc wizard seems to speed up.
You hit the orc warrior. You burn the orc warrior.
You headbutt the orc warrior, but do no damage.
The orc warrior is severely wounded.
The orc wizard casts a spell.
The orc wizard blinks!
The orc warrior closely misses you.
The orc warrior hits you but does no damage.
You closely miss the orc warrior.
The orc warrior is severely wounded.
The orc warrior hits you with a short sword!
You die...

................
................
.....(..........
.....(..........
.........)....ยง.
......o)))......
######o##.#.#..
#o##.#.# #@##.#.#
#..#.#.# ##.#.#.#
#...#.# # ##..#.#
...##..#.##
...........#
...........#
...........#


You could see an orc warrior, an orc wizard and an orc.

Vanquished Creatures
  An orc priest (D:6)
  A worker ant (D:6)
  A killer bee zombie (D:6)
  Robin (D:2)
  6 adders
  A worm (D:3)
  A dart slug (D:1)
  6 leopard geckos
  4 orcs
  6 giant cockroaches
  9 goblins
  13 hobgoblins
  7 jackals
  A quokka (D:2)
  3 ball pythons
  6 bats
  4 frilled lizards
  A jackal zombie (D:7)
  7 kobolds
  A quokka skeleton (D:6)
  5 rats
85 creatures vanquished.

Vanquished Creatures (collateral kills)
  Sigmund (D:3)
  An orc wizard (D:6)
  5 orcs
  3 goblins (D:2)
  A hobgoblin (D:3)
  A quokka (D:3)
12 creatures vanquished.

Grand Total: 97 creatures vanquished

Notes
Turn   | Place    | Note
-------+----------+-------------------------------------------
     0 | D:1      | Chiseanne the Demonspawn Wanderer began the quest for the Orb.
     0 | D:1      | Chiseanne set off with: a +2 dagger, a potion of berserk rage, a +0 spear, a potion of curing, a +0 robe, a bread ration
     0 | D:1      | Reached XP level 1. HP: 18/18 MP: 1/1
   433 | D:1      | Gained mutation: A weak demonic guardian rushes to your aid. [demonic ancestry]
   433 | D:1      | Reached XP level 2. HP: 23/24 MP: 2/2
  1104 | D:1      | Gained mutation: You are partially covered in molten scales. (AC +2) [demonic ancestry]
  1104 | D:1      | Reached XP level 3. HP: 25/29 MP: 3/3
  1657 | D:2      | Noticed Robin
  2212 | D:2      | Killed Robin
  2212 | D:2      | Reached skill level 1 in Armour
  2221 | D:2      | Gained mutation: You have a pair of small horns on your head. [demonic ancestry]
  2221 | D:2      | Reached XP level 4. HP: 34/37 MP: 4/4
  3326 | D:3      | Noticed Sigmund
  3327 | D:3      | Reached XP level 5. HP: 42/42 MP: 5/5
  3395 | D:3      | Killed Sigmund
  3395 | D:3      | Reached XP level 6. HP: 6/49 MP: 6/6
  3860 | D:3      | You fall through a shaft for 3 floors!
  3888 | D:6      | Noticed an orc warrior
  3906 | D:7      | Found Xueffec's Antique Weapon Boutique.
  3918 | D:7      | Noticed an orc warrior
  4012 | D:6      | Slain by an orc warrior

Skill      XL: |  1  2  3  4  5 |
---------------+----------------+-----
Dodging        | 2 3 4 |  4.2
Armour         | 1 2 |  2.6
Fighting       | 4 |  4.9
Polearms       | |  1.0
Stealth        | |  2.6
Shields        | |  1.0

Action                   |  1- 3 |  4- 6 || total
-------------------------+-------+-------++-------
Melee: Dagger            |   187 |       ||   187
       Falchion          |       |    98 ||    98
       Headbutt          |       |    21 ||    21
       War axe           |       |    41 ||    41
  Use: Scroll            |     1 |     2 ||     3
       Potion            |     2 |     4 ||     6
 Stab: Sleeping          |     4 |       ||     4
  Eat: Chunk             |     4 |     6 ||    10
Armor: Robe              |    25 |       ||    25
       Chain mail        |    38 |   119 ||   157
Dodge: Dodged            |    98 |    71 ||   169
       Rpst.: Falchion   |       |    11 ||    11
